 Dungeon Crawl Stone Soup version 0.31-a0-851-g7ff8af7976 (webtiles) character file.

Game seed: 2143046219014529547

15659 pokeman the Eclecticist (level 12, -4/66 HPs)
             Began as a Deep Elf Hedge Wizard on Oct 6, 2023.
             Was a Priest of Vehumet.
             Slain by a fire bat (6 damage)
             ... in a Gauntlet.
             The game lasted 00:46:32 (14206 turns).

pokeman the Eclecticist (Deep Elf Hedge Wizard)    Turns: 14206, Time: 00:46:33

Health: -4/66      AC: 12    Str:  7    XL:     12   Next: 3%
Magic:  25/34      EV: 13    Int: 25    God:    Vehumet [***...]
Gold:   2507       SH:  0    Dex: 14    Spells: 14/43 levels left

rFire   . . .        k - +1 dagger (venom)
rCold   . . .        (no shield)
rNeg    . . .        E - +0 steam dragon scales
rPois   .            q - +2 helmet
rElec   .            p - +0 cloak
rCorr   .            v - +0 pair of gloves
SInv    .            g - +0 pair of boots
Will    +....        Q - amulet of reflection
Stlth   +            (no ring)
HPRegen 0.31/turn    (no ring)
MPRegen 0.24/turn

%: no teleportation, reflection
@: confused, attractive
A: no striking features
a: Renounce Religion


You were in a Gauntlet.
You worshipped Vehumet.
Vehumet was most pleased with you.
You visited 2 branches of the dungeon, and saw 13 of its levels.
You also visited: Gauntlet.

You collected 2507 gold pieces.

Inventory:

Hand Weapons
 k - a +1 dagger of venom (weapon)
Missiles
 C - 2 throwing nets
 D - 2 curare-tipped darts
Armour
 g - a +0 pair of boots (worn)
 p - a +0 cloak (worn)
 q - a +2 helmet (worn)
 v - a +0 pair of gloves (worn)
 E - +0 steam dragon scales (worn)
 F - +0 swamp dragon scales
Magical Staves
 B - a staff of earth
 V - a staff of poison
Jewellery
 Q - an amulet of reflection (around neck)
Wands
 o - a wand of paralysis (4)
 w - a wand of iceblast (19)
 A - a wand of quicksilver (10)
 S - a wand of polymorph (4)
Scrolls
 a - 3 scrolls of revelation
 f - 4 scrolls of immolation
 h - 5 scrolls of fog
 j - 4 scrolls of poison
 l - 3 scrolls of vulnerability
 r - a scroll of torment
 u - a scroll of enchant armour
 y - 2 scrolls of blinking
 I - 3 scrolls of enchant weapon
 J - a scroll of silence
 O - a scroll of butterflies
 P - 2 scrolls of teleportation {unknown}
Potions
 b - a potion of brilliance {unknown}
 d - 2 potions of magic
 e - 2 potions of attraction
 i - 2 potions of degeneration {unknown}
 m - a potion of ambrosia {unknown}
 s - 2 potions of mutation {unknown}
 t - a potion of heal wounds {unknown}
 x - 2 potions of might {unknown}
 K - 2 potions of enlightenment {unknown}
 L - a potion of cancellation {unknown}
 M - 2 potions of curing {unknown}
 N - 2 potions of haste {unknown}
 R - 2 potions of lignification {unknown}
Miscellaneous
 W - a phial of floods


   Skills:
 - Level 4.0 Fighting
 - Level 4.0 Armour
 - Level 3.0 Dodging
 - Level 3.1 Stealth
 + Level 3.7 Shields
 * Level 16.3 Spellcasting
 + Level 9.6 Conjurations
 - Level 1.1 Summonings
 - Level 1.0 Necromancy
 - Level 1.1 Translocations
 - Level 1.0 Transmutations
 + Level 9.1 Fire Magic
 - Level 1.0 Ice Magic
 - Level 1.0 Air Magic
 - Level 2.0 Earth Magic
 - Level 1.0 Poison Magic
 - Level 1.2 Evocations


You had 14 spell levels left.
You knew the following spells:

 Your Spells              Type           Power      Damage    Failure   Level
a - Magic Dart            Conj           100%       1d8       1%          1
b - Mephitic Cloud        Conj/Pois/Air  39%        N/A       1%          3
c - Call Imp              Summ           50%        N/A       2%          2
d - Blink                 Tloc           50%        N/A       2%          2
e - Foxfire               Conj/Fire      100%       2x1d9     1%          1
f - Ignite Poison         Fire/Tmut/Pois 39%        N/A       1%          3
g - Freezing Cloud        Conj/Ice/Air   19%        6-21      4%          5
h - Orb of Destruction    Conj           31%        9d10      11%         7
i - Irradiate             Conj/Tmut      23%        3d19      2%          5

Your spell library contained the following spells:

 Spells                   Type           Power      Damage    Failure   Level
 Sticky Flame             Conj/Fire      61%        2d8       1%          4
 Scorch                   Fire           100%       2d9       1%          2
 Flame Wave               Conj/Fire      61%        2d14      1%          4
 Slow                     Hex            80%        N/A       2%          1
 Cigotuvi's Dreadful Rot  Necr/Pois/Air  50%        N/A       2%          2
 Sublimation of Blood     Necr           25%        N/A       2%          2
 Ensorcelled Hibernation  Hex/Ice        44%        N/A       3%          2
 Jinxbite                 Hex            40%        N/A       4%          2
 Call Canine Familiar     Summ           25%        N/A       4%          3
 Summon Guardian Golem    Hex/Summ       23%        N/A       6%          3
 Sigil of Binding         Hex            20%        N/A       8%          3
 Petrify                  Tmut/Erth      28%        N/A       14%         4
 Leda's Liquefaction      Hex/Erth       12%        N/A       17%         4
 Anguish                  Hex/Necr       11%        N/A       21%         4
 Dimensional Bullseye     Hex/Tloc       11%        N/A       21%         4
 Spellforged Servitor     Conj/Summ      23%        N/A       50%         7
 Summon Cactus Giant      Summ           12%        N/A       94%         6


Dungeon Overview and Level Annotations

Branches:
Dungeon (12/15)            Temple (1/1) D:7            Lair (0/5) D:8
    Orc (0/2) D:10        Gauntlet (1/1)

Altars:
Ashenzari
Cheibriados
Dithmenos
Elyvilon
Fedhas
Gozag
Hepliaklqana
Kikubaaqudgha
Makhleb
Nemelex Xobeh
Okawaru
Qazlal
Ru
Sif Muna
Trog
Uskayaw
Vehumet
Wu Jian
Xom
Yredelemnul
Zin
The Shining One

Shops:
D:2 (   D:8 (   D:11 (

Annotations:
D:7 2 transporters, Fly to rooms, Xavori's ghost, novice OpCK Gauntlet 11 transporters, 21 runed translucent doors


Message History

Unknown command.
You're too confused to cast spells.
Unknown command.
You're too confused to cast spells.
Press: ? - help, v - describe, . - travel The floor.
There is a cloud of noxious fumes here.
Unknown command.
Unknown command.
You are engulfed in noxious fumes.
You choke on the stench!
You are more confused.
The fire bat completely misses you.
The fire crab is engulfed in freezing vapours.
The fire crab closely misses you. x2
Unknown command.
Unknown command.
You are engulfed in noxious fumes.
You choke on the stench!
You are more confused.
The fire bat is engulfed in noxious fumes.
The fire bat appears confused.
The fire crab is engulfed in freezing vapours.
The fire crab breathes flames at you.
The blast of flame engulfs you but does no damage.
The fire bat is engulfed in noxious fumes.
The fire bat appears confused.
Unknown command.
Unknown command.
You bump into the stone wall.
You are engulfed in noxious fumes.
You choke on the stench!
You are more confused.
The fire bat barely misses you. The fire crab breathes flames at you.
The blast of flame engulfs you!
* * * LOW HITPOINT WARNING * * *
It was a potion of attraction.
You feel attractive to monsters. The fire bat bites you.
* * * LOW HITPOINT WARNING * * *
You are engulfed in flames.
You die...

........≈8≈........∩...∩###
.........§.............≈#
########...###########..###
.....QQ#...#....§#...#..#8#
#.##.#Q#...#..##.☼#b.#..###
#..^...#...#?.#°☼##..#..#
##.##..#...#..##°○#..#..###
.#©.#..#...#©.#§t##..#©.#8#
.##.##.#...#[.##@○#b.#..###
^.#..^Q#...#..#b○##..#..#
#.##.#Q#...#..##°°#..#..###
.^....Q#...#.....#...#..#8#
########...###########..###
#.©.#....§....#.©.#.....#
#...#.8.≈8≈.8.#...#.8...###
#.©.#....≈....#.©.#.....#8#
########...###########..###


You could see a fire crab and 3 fire bats.

Vanquished Creatures
  Erica (D:8)
  2 two-headed ogres (D:11)
  A boulder beetle (D:11)
  2 ugly things
  A cyclops (D:11)
  4 elephants
  Maurice (D:8)
  2 gargoyles
  A kobold demonologist (D:11)
  Maggie (D:8)
  5 trolls
  2 hornets
  14 yaks
  A wraith (D:12)
  2 wyverns
  2 vampires (D:11)
  A fire bat (Gauntlet)
  4 steam dragons
  2 water moccasins
  2 ice beasts
  3 sky beasts
  A black bear (D:8)
  5 orc warriors
  4 centaurs
  An ogre (D:5)
  3 kobold brigands
  3 phantoms
  A bullfrog (D:9)
  5 scorpions
  8 wights (D:9)
  5 killer bees (D:8)
  7 howler monkeys
  2 electric eels (D:7)
  3 jellies
  4 orc priests
  3 gnoll boudas
  2 hounds
  A sleepcap (D:7)
  5 iguanas
  12 orc wizards
  11 gnolls
  10 adders
  4 white imps
  2 worms (D:3)
  5 dart slugs
  35 orcs
  5 ball pythons
  6 endoplasms
  2 giant cockroaches (D:3)
  8 hobgoblins
  17 jackals
  16 kobolds
  2 quokkas
  7 bats
  2 frilled lizards
  8 goblins
  9 rats
278 creatures vanquished.

Vanquished Creatures (others)
  87 foxfires
87 creatures vanquished.

Grand Total: 365 creatures vanquished

Notes
Turn   | Place    | Note
-------+----------+-------------------------------------------
     0 | D:1      | pokeman the Deep Elf Hedge Wizard began the quest for the
                  | Orb.
     0 | D:1      | Reached XP level 1. HP: 10/10 MP: 7/7
     0 | D:1      | Noticed a shadow dragon
     0 | D:1      | Noticed an iron dragon
     1 | D:1      | Noticed a tentacled monstrosity
     3 | D:1      | Noticed a large abomination
     4 | D:1      | Noticed an ice dragon
     7 | D:1      | Noticed an ice dragon
    10 | D:1      | Noticed a red draconian
    11 | D:1      | Noticed an orb of fire
    12 | D:1      | Noticed an iron dragon
    16 | D:1      | Noticed a yellow draconian
    18 | D:1      | Noticed a shadow dragon
    18 | D:1      | Noticed a tentacled monstrosity
    20 | D:1      | Noticed a green draconian
    20 | D:1      | Noticed a tentacled monstrosity
    20 | D:1      | Noticed a shadow dragon
    22 | D:1      | Noticed a shadow dragon
   182 | D:1      | You fall into a shaft and drop 1 floor!
   182 | D:2      | Found Qeixif's Weapon Boutique.
   456 | D:2      | Reached XP level 2. HP: 16/16 MP: 5/9
   632 | D:1      | Reached skill level 5 in Spellcasting
   661 | D:1      | Reached XP level 3. HP: 6/20 MP: 1/11
   665 | D:1      | Learned a level 3 spell: Mephitic Cloud
   668 | D:1      | Learned a level 2 spell: Call Imp
   671 | D:1      | Learned a level 2 spell: Blink
   760 | D:1      | Learned a level 3 spell: Ignite Poison
  1299 | D:1      | Reached skill level 1 in Fighting
  1655 | D:2      | Reached skill level 1 in Armour
  1932 | D:2      | Reached XP level 4. HP: 25/25 MP: 10/13
  1978 | D:2      | Found a faded altar of an unknown god.
  2322 | D:2      | Noticed a scorpion
  2328 | D:2      | Killed a scorpion
  2329 | D:2      | Reached skill level 6 in Spellcasting
  2329 | D:2      | Reached XP level 5. HP: 29/29 MP: 10/15
  2622 | D:2      | Learned a level 5 spell: Freezing Cloud
  2911 | D:3      | Found a hazy altar of Hepliaklqana.
  2913 | D:3      | Found a bloodstained altar of Trog.
  2913 | D:3      | Found a white marble altar of Elyvilon.
  2929 | D:3      | Found a hide-covered altar of Uskayaw.
  2929 | D:3      | Found a stormy altar of Qazlal.
  2929 | D:3      | Found a shimmering altar of Xom.
  3226 | D:3      | Reached skill level 1 in Fire Magic
  3722 | D:3      | Found a snail-covered altar of Cheibriados.
  4043 | D:4      | Reached skill level 1 in Transmutations
  4043 | D:4      | Reached skill level 1 in Poison Magic
  4043 | D:4      | Reached XP level 6. HP: 34/34 MP: 10/17
  4164 | D:4      | Reached skill level 1 in Ice Magic
  4164 | D:4      | Reached skill level 1 in Air Magic
  4385 | D:4      | Reached skill level 1 in Evocations
  4489 | D:4      | Reached skill level 7 in Spellcasting
  4972 | D:4      | Reached XP level 7. HP: 39/39 MP: 16/20
  5346 | D:5      | Entered Level 5 of the Dungeon
  5369 | D:5      | Reached skill level 8 in Spellcasting
  5682 | D:5      | Reached XP level 8. HP: 34/44 MP: 8/22
  6102 | D:6      | Reached skill level 9 in Spellcasting
  6550 | D:6      | Learned a level 7 spell: Orb of Destruction
  6744 | D:6      | Found an ornate altar of the Wu Jian Council.
  6964 | D:6      | Reached skill level 5 in Conjurations
  7063 | D:7      | Reached skill level 10 in Spellcasting
  7063 | D:7      | Reached skill level 1 in Earth Magic
  7335 | D:7      | Reached XP level 9. HP: 13/48 MP: 22/25
  7485 | D:7      | Found a staircase to the Ecumenical Temple.
  7504 | Temple   | Entered the Ecumenical Temple
  7522 | Temple   | Became a worshipper of Vehumet
  8029 | D:7      | Reached skill level 1 in Shields
  8215 | D:7      | Found a transporter.
  8217 | D:7      | Found a transporter.
  8220 | D:7      | Noticed Xavori's ghost (novice OpCK)
  8222 | D:7      | Identified the +5 dire flail of Inference {pain, rC+ rCorr
                  | Stlth+}
  8222 | D:7      | Noticed a two-headed ogre
  8407 | D:7      | Reached skill level 5 in Fire Magic
  8446 | D:8      | Noticed Maggie
  8491 | D:8      | Reached skill level 11 in Spellcasting
  8496 | D:8      | Noticed a troll
  8505 | D:8      | Killed a troll
  8512 | D:8      | Reached * piety under Vehumet
  8512 | D:8      | Offered knowledge of Foxfire by Vehumet.
  8522 | D:7      | Learned a level 1 spell: Foxfire
  8620 | D:8      | Reached skill level 12 in Spellcasting
  8624 | D:8      | Killed Maggie
  8632 | D:8      | Noticed Erica
  8751 | D:8      | Killed Erica
  8752 | D:8      | Reached XP level 10. HP: 53/53 MP: 20/28
  8870 | D:8      | Noticed Maurice
  8885 | D:8      | Killed Maurice
  8886 | D:8      | Reached skill level 13 in Spellcasting
  9029 | D:8      | Found Ninion's Antique Weapon Boutique.
  9175 | D:8      | Found a large runed translucent door.
  9176 | D:8      | Found a large runed translucent door.
  9277 | D:8      | Found a staircase to the Lair.
  9472 | D:8      | Reached ** piety under Vehumet
  9472 | D:8      | Offered knowledge of Sandblast by Vehumet.
  9473 | D:8      | Found a hide-covered altar of Uskayaw.
  9482 | D:8      | Reached skill level 1 in Necromancy
  9524 | D:8      | Found a burning altar of Makhleb.
 10374 | D:10     | Entered Level 10 of the Dungeon
 10374 | D:10     | Found a staircase to the Orcish Mines.
 10393 | D:9      | Reached skill level 14 in Spellcasting
 10474 | D:10     | Noticed an elephant
 10491 | D:9      | Killed an elephant
 10541 | D:10     | Noticed an elephant
 10562 | D:9      | Killed an elephant
 10563 | D:9      | Reached XP level 11. HP: 16/60 MP: 13/31
 10770 | D:10     | Offered knowledge of Volatile Blastmotes by Vehumet.
 10954 | D:10     | Reached *** piety under Vehumet
 11164 | D:10     | Found a sacrificial altar of Ru.
 11245 | D:10     | Reached skill level 15 in Spellcasting
 11666 | D:11     | Noticed a two-headed ogre
 11677 | D:11     | HP: 3/61 [two-headed ogre/+0 giant spiked club (5)]
 11679 | D:11     | Killed a two-headed ogre
 12218 | D:11     | Noticed a soul eater
 12244 | D:11     | Identified the +1 hand axe "Inwij" {flame, rPois rC++ Will+
                  | Str-3}
 12483 | D:11     | Noticed a boulder beetle
 12516 | D:11     | Killed a boulder beetle
 12746 | D:11     | Noticed a cyan ugly thing
 12761 | D:11     | Killed a cyan ugly thing
 12866 | D:11     | Offered knowledge of Sticky Flame by Vehumet.
 13052 | D:11     | Found a sparkling altar of Nemelex Xobeh.
 13058 | D:11     | Noticed a two-headed ogre
 13069 | D:11     | Killed a two-headed ogre
 13070 | D:11     | Reached skill level 16 in Spellcasting
 13530 | D:11     | Found Hit Xypnoner's Antique Weapon Shop.
 13835 | D:12     | Noticed a cyan ugly thing
 13847 | D:12     | Killed a cyan ugly thing
 13848 | D:12     | Reached XP level 12. HP: 51/66 MP: 15/34
 13861 | D:12     | Found a gate leading to a gauntlet.
 13875 | Gauntlet | Entered a Gauntlet
 13875 | Gauntlet | Noticed an entropy weaver
 13875 | Gauntlet | Found a transporter.
 13875 | Gauntlet | Found a transporter.
 13875 | Gauntlet | Found a transporter.
 13876 | Gauntlet | Found a transporter.
 13879 | Gauntlet | Found a transporter.
 13881 | Gauntlet | Found a large runed translucent door.
 13882 | Gauntlet | Found a large runed translucent door.
 13883 | Gauntlet | Found a large runed translucent door.
 13883 | Gauntlet | Found a large runed translucent door.
 13883 | Gauntlet | Found a runed translucent door.
 13883 | Gauntlet | Found a runed translucent door.
 13884 | Gauntlet | Found a large runed translucent door.
 13884 | Gauntlet | Found a large runed translucent door.
 13884 | Gauntlet | Found a large runed translucent door.
 13884 | Gauntlet | Found a large runed translucent door.
 13885 | Gauntlet | Found a large runed translucent door.
 13886 | Gauntlet | Found a large runed translucent door.
 13886 | Gauntlet | Found a large runed translucent door.
 13886 | Gauntlet | Found a large runed translucent door.
 13887 | Gauntlet | Found a large runed translucent door.
 13887 | Gauntlet | Found a large runed translucent door.
 13887 | Gauntlet | Found a large runed translucent door.
 13887 | Gauntlet | Found a large runed translucent door.
 13890 | Gauntlet | Found a runed translucent gate.
 13890 | Gauntlet | Found a runed translucent gate.
 13890 | Gauntlet | Found a runed translucent gate.
 13892 | Gauntlet | Found a transporter.
 13911 | Gauntlet | Found a transporter.
 13918 | Gauntlet | Noticed a tengu warrior
 13919 | Gauntlet | Found a transporter.
 13925 | Gauntlet | Found a transporter.
 13942 | Gauntlet | Found a transporter.
 13950 | Gauntlet | Found a transporter.
 13967 | Gauntlet | Found a transporter.
 14088 | Gauntlet | Identified 3 scrolls of acquirement
 14092 | Gauntlet | Acquired 926 gold pieces
 14094 | Gauntlet | Acquired 488 gold pieces
 14096 | Gauntlet | Acquired 429 gold pieces
 14153 | Gauntlet | Learned a level 5 spell: Irradiate
 14205 | Gauntlet | HP: 3/66 [fire crab/blast of flame (8)]
 14206 | Gauntlet | Slain by a fire bat

Illustrated notes

Levels and vault maps discovered:
D:1:      shiori_arrival_whats_in_store_for_you, layout_basic
D:2:      layout_basic, serial_corexii_hall, corexii_hall_statues_l,
          corexii_hall_statues_i, shapermc_ecumenical_altar_mp_urbaneastern,
          serial_shops, nicolae_shop_gibbet_a_chance, skrybe_limestone_x,
          minmay_split_cup_small
D:3:      layout_basic, slow_altar_1, doesnt_xom_only_xom
D:4:      layout_gridville
D:5:      layout_basic
D:6:      layout_gridville, mainiacjoe_overflow_alcove_1
D:7:      layout_basic, minmay_temple_entry_mist, gammafunk_ghost_smash,
          water_boxes_lemuel
D:8:      layout_rooms, jmf_multi_god_temple2, lair_entry_dummy, serial_shops,
          shop, minmay_diced_spiral, uniq_maggie, uniq_erica, uniq_maurice
D:9:      layout_roguey
D:10:     wad_woods_stonehenge, layout_rooms, minmay_misc_feat_room
D:11:     layout_basic, serial_shops, nicolae_shop_hallway_plus,
          nicolae_sextant, grunt_ministairs_4, nemelex_lonely_heart_becter
D:12:     layout_cave_pools, gauntlet_entry_generic, grunt_ministairs_9,
          uniq_kirke
Temple:   nicolae_temple_bog_church
Gauntlet: gammafunk_gauntlet_shortcut [gammafunk_gauntlet_arena_corners,
          minmay_gauntlet_arena_make_your_own_arena,
          gammafunk_gauntlet_arena_teeth, gammafunk_gauntlet_arena_hedges,
          gammafunk_gauntlet_arena_grid, nicolae_gauntlet_arena_grate_2,
          gauntlet_exit_green]

Skill      XL: |  1  2  3  4  5  6  7  8  9 10 11 |
---------------+----------------------------------+-----
Spellcasting   | 5 6 7 8 10 12 14 16 | 16.3
Fighting       | 1 2 3 4 |  4.0
Armour         | 1 3 4 |  4.0
Conjurations   | 2 3 4 5 7 8 9 |  9.6
Dodging        | 3 |  3.0
Stealth        | 3 |  3.1
Fire Magic     | 1 3 4 6 7 9 |  9.1
Transmutations | 1 |  1.0
Poison Magic   | 1 |  1.0
Ice Magic      | 1 |  1.0
Air Magic      | 1 |  1.0
Evocations     | 1 |  1.2
Earth Magic    | 2 |  2.0
Shields        | 3 |  3.7
Necromancy     | 1 |  1.0
Summonings     | |  1.1
Translocations | |  1.1

Action                     |  1- 3 |  4- 6 |  7- 9 | 10-12 || total
---------------------------+-------+-------+-------+-------++-------
  Melee: Dagger            |    42 |    38 |   123 |   192 ||   395
         Punch             |     2 |       |     1 |     6 ||     9
   Cast: Magic Dart        |   105 |   169 |   106 |    23 ||   403
         Mephitic Cloud    |       |     7 |    46 |    78 ||   131
         Ignite Poison     |       |       |    15 |    42 ||    57
         Foxfire           |       |       |    12 |    33 ||    45
         Call Imp          |       |       |     1 |     2 ||     3
         Blink             |       |       |       |    10 ||    10
         Orb of Destructio |       |       |       |     2 ||     2
         Freezing Cloud    |       |       |       |     2 ||     2
  Evoke: Wand              |       |       |     1 |       ||     1
    Use: Scroll            |       |       |       |    16 ||    16
         Potion            |       |       |       |     1 ||     1
   Stab: Confused          |       |     5 |    14 |    19 ||    38
 Armour: Robe              |    34 |    26 |    48 |       ||   108
         Steam dragon scal |       |       |    14 |   127 ||   141
  Dodge: Dodged            |    40 |    46 |    99 |   155 ||   340
  Block: Other             |       |       |       |    11 ||    11

Table legend: (Time is in decaauts)
 A = Elapsed time spent in this place.
 B = Non-inter-level travel time spent in this place.
 C = Inter-level travel time spent in this place.
 D = Time resting spent in this place.
 E = Time spent auto-exploring this place.
 F = Levels seen in this place.
 G = Mean time per level.
                   A        B        C        D        E       F      G
               +--------+--------+--------+--------+--------+-----+--------+
         Total |  14220 |  13758 |    462 |    764 |  10568 |  14 | 1015.7 |
       Dungeon |  13852 |  13424 |    428 |    764 |  10568 |  12 | 1154.3 |
        Temple |     36 |      2 |     34 |      0 |      0 |   1 |   36.0 |
      Gauntlet |    330 |    330 |      0 |      0 |      0 |   1 |  330.0 |
               +--------+--------+--------+--------+--------+-----+--------+

Top non-repeatable levels by time:
    D:11: 2242 daAuts
     D:7: 1589 daAuts
     D:2: 1533 daAuts
     D:3: 1348 daAuts
     D:4: 1343 daAuts
     D:1: 1118 daAuts
     D:9: 1118 daAuts
     D:6: 971 daAuts
     D:8: 895 daAuts
    D:10: 884 daAuts
     D:5: 733 daAuts
Gauntlet: 330 daAuts
    D:12: 71 daAuts
  Temple: 36 daAuts
